 Dungeon Crawl Stone Soup version 0.18.1-8-gdd0e5ea (webtiles) character file.

1169 rockintein the Cleaver (level 8, 0/71 HPs)
             Began as a Minotaur Berserker on June 9, 2016.
             Was a Priest of Trog.
             Splashed by a brown ugly thing's acid (9 damage)
             ... on level 7 of the Dungeon.
             The game lasted 00:07:31 (4709 turns).

rockintein the Cleaver (Minotaur Berserker)         Turns: 4709, Time: 00:07:31

Health: 0/71       AC:  2    Str: 24    XL:     8   Next: 17%
Magic:  7/7        EV: 12    Int:  4    God:    Trog [***...]
Gold:   301        SH:  0    Dex:  9    Spells: 0 memorised, 7 levels left

rFire  . . .     SeeInvis .     a - +0 hand axe
rCold  . . .     Gourm    +     (no armour)
rNeg   + . .     Faith    .     (no shield)
rPois  .         Spirit   .     (helmet restricted)
rElec  .         Dismiss  .     e - +0 cloak
rCorr  .         Reflect  .     x - +0 pair of gloves
SustAt .         Harm     .     (no boots)
MR     ++...                    y - amulet of the gourmand
Stlth  +.........               (no ring)
                                r - ring of positive energy

@: lethally poisoned (0 -> 0), exhausted, corroded, very slightly contaminated,
regenerating, hasted and slowed, very resistant to hostile enchantments, very
unstealthy
A: retaliatory headbutt, claws 1, horns 2, talons 1, rough black scales 1
a: Berserk, Trog's Hand, Burn Spellbooks, Renounce Religion


You were on level 7 of the Dungeon.
You worshipped Trog.
Trog was most pleased with you.
You were full.

You visited 1 branch of the dungeon, and saw 9 of its levels.

You collected 333 gold pieces.
You spent 32 gold pieces at shops.

Inventory:

Hand Weapons
 a - a +0 hand axe (weapon)
Armour
 e - a +0 cloak (worn)
 m - a +0 scale mail
 x - a +0 pair of gloves (worn)
 K - a +0 plate armour
Jewellery
 f - a cursed +2 ring of strength {unknown}
 r - a ring of positive energy (left hand)
 y - an amulet of the gourmand (around neck)
Wands
 E - a wand of flame (25/48)
 G - a wand of confusion (13/48)
 H - a wand of flame (19/48)
 I - a wand of enslavement (17/24)
Scrolls
 b - a scroll of silence {unknown}
 d - a scroll of fear {unknown}
 h - 2 scrolls of enchant armour {unknown}
 j - 3 scrolls of teleportation
 o - a scroll of amnesia
 s - 3 scrolls of fog
 t - a scroll of holy word {unknown}
 v - 2 scrolls of immolation
 C - a scroll of remove curse {unknown}
 F - a scroll of identify
Potions
 g - a potion of agility {unknown}
 k - 5 potions of brilliance
 l - 2 potions of beneficial mutation
 u - a potion of cure mutation {unknown}
 w - a potion of might {unknown}
 z - a potion of heal wounds {unknown}
 A - a potion of curing {unknown}
 D - a potion of lignification {unknown}
Books
 i - a book of Party Tricks

   Spells                             Type                      Level
   a - Summon Butterflies             Summoning                    1
   b - Apportation                    Translocation                1
   c - Tukima's Dance                 Hexes                        3
   d - Alistair's Intoxication        Transmutation/Poison         5
   e - Invisibility                   Hexes                        6
   Trog disapproves of the use of such an item.
 B - a book of Burglary

   Spells                             Type                      Level
   a - Swiftness                      Charms/Air                   2
   b - Passwall                       Transmutation/Earth          2
   c - Passage of Golubria            Translocation                4
   d - Lee's Rapid Deconstruction     Earth                        5
   e - Darkness                       Hexes                        6
   f - Invisibility                   Hexes                        6
   Trog disapproves of the use of such an item.
Comestibles
 c - 3 bread rations
 n - 2 beef jerkies
 p - a meat ration
 J - 4 chunks of flesh


   Skills:
 + Level 6.9 Fighting
 * Level 9.1 Axes
 + Level 6.1 Armour
 - Level 2.1 Dodging


You had 7 spell levels left.
You didn't know any spells.

Dungeon Overview and Level Annotations

Branches:
Dungeon (9/15)             Temple (0/1) D:5
   Lair: D:8-11         Orc: D:9-12

Altars:
Elyvilon
Trog
Xom
Yredelemnul
Zin

Shops:
D:4 *


Innate Abilities, Weirdness & Mutations

You reflexively headbutt those who attack you in melee.
You have a pair of horns on your head.
You have sharp fingernails.
You have sharp toenails.
You are partially covered in rough black scales (AC +4, Dex -1).


Message History

Your skin crawls.
You feel resistant to hostile enchantments.
You feel slightly less full. The brown ugly thing barely misses you.
The brown ugly thing gores you!
You are splashed with acid!
The acid corrodes you!
The acid burns!
* * * LOW HITPOINT WARNING * * *
Drink which item? (? for menu, Esc to quit)
It was a potion of haste.
You feel yourself speed up.
The brown ugly thing completely misses you.
You are very lightly contaminated with residual magic.
You feel sick.
There is a stone staircase leading down, spattered with blood here.
Things that are here:
a hand axe x2; a falchion
Things that are here:
a dagger of venom; a ring mail The brown ugly thing gores you!
* * * LOW HITPOINT WARNING * * *
You are splashed with acid!
The acid burns!
You die...

#...# #....
#.... #
###.....#
##.#.#.#.#
#........#
######.#.#.#.#
.........†@..#
.....#.#.#u###
.......)>)..#
.....#.#.#.##
... ....#### .
......
........
........
........


You could see a brown ugly thing.

Vanquished Creatures
  A hippogriff (D:7)
  An orc warrior (D:7)
  2 ogres
  A centaur (D:6)
  2 big kobolds
  A killer bee (D:8)
  A crimson imp (D:5)
  A jelly (D:5)
  4 orc priests
  2 hounds
  An iguana (D:4)
  An orc wizard (D:4)
  2 worker ants
  6 adders
  4 shadow imps
  An ooze (D:2)
  An adder skeleton (D:5)
  2 worms (D:2)
  3 dart slugs
  3 giant geckos
  7 orcs
  A ball python (D:5)
  5 giant cockroaches
  4 goblins
  5 hobgoblins
  11 jackals
  2 quokkas
  3 bats
  A giant gecko zombie (D:8)
  5 giant newts
  10 kobolds
  A quokka skeleton (D:4)
  4 rats
99 creatures vanquished.

Vanquished Creatures (others)
  A troll (D:9)
  2 orcs (D:9)
3 creatures vanquished.

Grand Total: 102 creatures vanquished

Notes
Turn   | Place    | Note
--------------------------------------------------------------
     0 | D:1      | rockintein the Minotaur Berserker began the quest for the Orb.
     0 | D:1      | Reached XP level 1. HP: 19/19 MP: 0/0
   206 | D:1      | Reached skill level 4 in Axes
   366 | D:1      | Reached XP level 2. HP: 18/27 MP: 1/1
   884 | D:1      | Reached ** piety under Trog
   884 | D:1      | Reached XP level 3. HP: 31/33 MP: 2/2
  1634 | D:2      | Reached XP level 4. HP: 41/41 MP: 3/3
  1792 | D:2      | Reached skill level 5 in Axes
  2568 | D:4      | Noticed a big kobold
  2576 | D:4      | Killed a big kobold
  2576 | D:4      | Reached skill level 5 in Fighting
  2576 | D:4      | Reached XP level 5. HP: 41/48 MP: 4/4
  2612 | D:4      | Reached skill level 6 in Axes
  2647 | D:4      | Found Wuuxt's Assorted Antiques.
  2667 | D:4      | Bought a scroll labeled HUFUAL WAIRCHAN for 17 gold pieces
  2667 | D:4      | Bought a fizzy dark potion for 15 gold pieces
  2668 | D:4      | Gained mutation: You have sharp toenails. [potion of mutation]
  2668 | D:4      | Gained mutation: You have sharp fingernails. [potion of mutation]
  2668 | D:4      | Gained mutation: You are partially covered in rough black scales (AC +4, Dex -1). [potion of mutation]
  2734 | D:4      | Reached XP level 6. HP: 50/56 MP: 5/5
  2814 | D:4      | Found a basalt altar of Yredelemnul.
  2814 | D:4      | Found a glowing silver altar of Zin.
  2815 | D:4      | Found a white marble altar of Elyvilon.
  3055 | D:5      | Entered Level 5 of the Dungeon
  3070 | D:5      | Found a bloodstained altar of Trog.
  3436 | D:5      | Found a staircase to the Ecumenical Temple.
  3445 | D:5      | Reached *** piety under Trog
  3499 | D:5      | Reached skill level 7 in Axes
  3715 | D:5      | Reached XP level 7. HP: 13/62 MP: 6/6
  4110 | D:5      | Reached skill level 5 in Armour
  4473 | D:6      | You fall through a shaft for 3 floors!
  4488 | D:9      | Killed a troll
  4520 | D:9      | Found a shimmering altar of Xom.
  4543 | D:8      | Reached skill level 8 in Axes
  4666 | D:7      | Noticed a hippogriff
  4683 | D:7      | Killed a hippogriff
  4683 | D:7      | Reached XP level 8. HP: 31/71 MP: 7/7
  4686 | D:7      | Reached skill level 9 in Axes
  4700 | D:7      | Noticed a brown ugly thing
  4709 | D:7      | Splashed by a brown ugly thing's acid

Skill      XL: |  1  2  3  4  5  6  7  8 |
---------------+-------------------------+-----
Axes           | 4 5 6 7 8 9 |  9.1
Fighting       | 4 5 6 |  6.9
Armour         | 3 4 5 6 |  6.1
Dodging        | |  2.1

Action                   |  1- 3 |  4- 6 |  7- 9 || total
-------------------------+-------+-------+-------++-------
Melee: Hand axe          |    77 |   112 |    83 ||   272
       Headbutt          |     9 |    23 |    19 ||    51
       Kick              |       |    27 |    26 ||    53
Invok: Berserk           |       |     1 |     1 ||     2
       Trog's Hand       |       |       |     2 ||     2
  Use: Scroll            |       |     9 |       ||     9
       Potion            |       |     2 |     1 ||     3
  Eat: Chunk             |     2 |    19 |     2 ||    23
Armor: Animal skin       |    15 |       |       ||    15
       Scale mail        |    12 |    50 |    63 ||   125
Dodge: Dodged            |    43 |    54 |    45 ||   142
